TOP OF THE 1ST |
Pawnee ParksNRec batting - Pitching for Scranton Supernovas : RHP Albert Karlier
|
Pitching: RHP Albert Karlier
|
|
Batting: RHB Hiroshige Ohashi
|
0-0: Ball 1-0: Foul Ball, location: 2F 1-1: Ground out 5-3 (Groundball, 5, EV 90.0 MPH)
|
Batting: RHB Charles Atkinson
|
0-0: Called Strike 0-1: Called Strike 0-2: Ball 1-2: Fly out, F8 (Flyball, 8LD, EV 101.2 MPH)
|
Batting: LHB Won-shik Yi
|
0-0: Called Strike 0-1: Ball 1-1: Foul Ball, location: 2F 1-2: Ground out 5-3 (Groundball, 56, EV 76.2 MPH)
|
Top of the 1st over - 0 runs, 0 hits, 0 errors, 0 left on base; Pawnee 0 - Scranton 0 |
BOTTOM OF THE 1ST |
Scranton Supernovas batting - Pitching for Pawnee ParksNRec : RHP Aki Kiridoshi
|
Pitching: RHP Aki Kiridoshi
|
|
Batting: RHB Yong-ho Jheon
|
0-0: Foul Ball, location: 2F 0-1: Fly out, F7 (Flyball, 78D, EV 100.0 MPH)
|
Batting: RHB Zhong-yan Zhang
|
0-0: Ball 1-0: Ball 2-0: Foul Ball, location: 2F 2-1: Foul Ball, location: 2F 2-2: Ball 3-2: Fly out, F7 (Line Drive, 7, EV 109.4 MPH)
|
Batting: RHB August Force
|
0-0: Ball 1-0: Called Strike 1-1: Swinging Strike 1-2: Ball 2-2: Strikes out swinging
|
Bottom of the 1st over - 0 runs, 0 hits, 0 errors, 0 left on base; Pawnee 0 - Scranton 0 |
TOP OF THE 2ND |
Pawnee ParksNRec batting - Pitching for Scranton Supernovas : RHP Albert Karlier
|
Batting: RHB Josh Mawdesley
|
0-0: Ground out 1-3 (Groundball, 13, EV 83.1 MPH)
|
Batting: RHB Elmer Kent
|
0-0: Called Strike 0-1: Foul Ball, location: 2F 0-2: Strikes out swinging
|
Batting: RHB Bartolo Álvarez
|
0-0: Fly out, F8 (Flyball, 8RXD, EV 106.2 MPH)
|
Top of the 2nd over - 0 runs, 0 hits, 0 errors, 0 left on base; Pawnee 0 - Scranton 0 |
BOTTOM OF THE 2ND |
Scranton Supernovas batting - Pitching for Pawnee ParksNRec : RHP Aki Kiridoshi
|
Batting: LHB Guan-pei Bei
|
0-0: Ball 1-0: Ball 2-0: Called Strike 2-1: Swinging Strike 2-2: Fly out, F8 (Flyball, 78XD, EV 105.0 MPH)
|
Batting: RHB Phil Moore
|
0-0: Called Strike 0-1: Ball 1-1: Ball 2-1: Ball 3-1: Ground out U3 (Groundball, 34, EV 86.9 MPH)
|
Batting: RHB Pancho Hernández
|
0-0: Ball 1-0: Foul Ball, location: 2F 1-1: Called Strike 1-2: Ball 2-2: Ball 3-2: DOUBLE (Line Drive, 9LD, EV 101.9 MPH)
|
Batting: RHB Jerry Scott
|
0-0: Called Strike 0-1: Ball 1-1: Foul Ball, location: 2F 1-2: Ground out 6-3 (Groundball, 6, EV 85.0 MPH)
|
Bottom of the 2nd over - 0 runs, 1 hit, 0 errors, 1 left on base; Pawnee 0 - Scranton 0 |
TOP OF THE 3RD |
Pawnee ParksNRec batting - Pitching for Scranton Supernovas : RHP Albert Karlier
|
Batting: SHB Jake Pinto
|
0-0: Ball 1-0: Foul Ball, location: 2F 1-1: Called Strike 1-2: Ball 2-2: Strikes out looking
|
Batting: RHB Ashton Bailey
|
0-0: Ball 1-0: SINGLE (Line Drive, 78M, EV 86.2 MPH)
|
Batting: SHB Ernesto Sacasas
|
0-0: Ball 1-0: Called Strike 1-1: Grounds into double play, 4-6-3 (Groundball, 4, EV 83.1 MPH)
|
Top of the 3rd over - 0 runs, 1 hit, 0 errors, 0 left on base; Pawnee 0 - Scranton 0 |
BOTTOM OF THE 3RD |
Scranton Supernovas batting - Pitching for Pawnee ParksNRec : RHP Aki Kiridoshi
|
Batting: LHB Quentin Batkin
|
0-0: Ball 1-0: Fly out, F8 (Line Drive, 8LD, EV 95.6 MPH)
|
Batting: RHB Guillermo Alessandrini
|
0-0: Called Strike 0-1: Foul Ball, location: 2F 0-2: Fly out, F9 (Flyball, 89S, EV 88.8 MPH)
|
Batting: RHB Yong-ho Jheon
|
0-0: Foul Ball, location: 2F 0-1: Ball 1-1: Ball 2-1: Ball 3-1: Swinging Strike 3-2: SINGLE (Flyball, 34D, EV 94.4 MPH)
|
Batting: RHB Zhong-yan Zhang
|
0-0: Ball 1-0: Ground out 4-3 (Groundball, 4, EV 82.5 MPH)
|
Bottom of the 3rd over - 0 runs, 1 hit, 0 errors, 1 left on base; Pawnee 0 - Scranton 0 |
TOP OF THE 4TH |
Pawnee ParksNRec batting - Pitching for Scranton Supernovas : RHP Albert Karlier
|
Batting: RHB Hiroshige Ohashi
|
0-0: Called Strike 0-1: Ball 1-1: Foul Ball, location: 2F 1-2: Strikes out looking
|
Batting: RHB Charles Atkinson
|
0-0: Called Strike 0-1: Ground out 6-3 (Groundball, 6, EV 103.8 MPH)
|
Batting: LHB Won-shik Yi
|
0-0: Ball 1-0: Called Strike 1-1: Foul Ball, location: 2F 1-2: Foul Ball, location: 2F 1-2: Ball 2-2: Ball 3-2: Fly out, F8 (Flyball, 8LM, EV 88.1 MPH)
|
Top of the 4th over - 0 runs, 0 hits, 0 errors, 0 left on base; Pawnee 0 - Scranton 0 |
BOTTOM OF THE 4TH |
Scranton Supernovas batting - Pitching for Pawnee ParksNRec : RHP Aki Kiridoshi
|
Batting: RHB August Force
|
0-0: Foul Ball, location: 2F 0-1: Ball 1-1: Ground out 5-3 (Groundball, 5, EV 76.9 MPH)
|
Batting: LHB Guan-pei Bei
|
0-0: Ball 1-0: Called Strike 1-1: Ball 2-1: Swinging Strike 2-2: Foul Ball, location: 2F 2-2: Ball 3-2: Strikes out swinging
|
Batting: RHB Phil Moore
|
0-0: Foul Ball, location: 2F 0-1: Ball 1-1: Ball 2-1: Foul Ball, location: 2F 2-2: Strikes out looking
|
Bottom of the 4th over - 0 runs, 0 hits, 0 errors, 0 left on base; Pawnee 0 - Scranton 0 |
TOP OF THE 5TH |
Pawnee ParksNRec batting - Pitching for Scranton Supernovas : RHP Albert Karlier
|
Batting: RHB Josh Mawdesley
|
0-0: Foul Ball, location: 2F 0-1: Ball 1-1: Ball 2-1: Ball 3-1: Foul Ball, location: 2F 3-2: Strikes out swinging
|
Batting: RHB Elmer Kent
|
0-0: Ball 1-0: Ball 2-0: Foul Ball, location: 2F 2-1: Ball 3-1: Swinging Strike 3-2: Strikes out looking
|
Batting: RHB Bartolo Álvarez
|
0-0: Called Strike 0-1: Swinging Strike 0-2: Strikes out looking
|
Top of the 5th over - 0 runs, 0 hits, 0 errors, 0 left on base; Pawnee 0 - Scranton 0 |
BOTTOM OF THE 5TH |
Scranton Supernovas batting - Pitching for Pawnee ParksNRec : RHP Aki Kiridoshi
|
Batting: RHB Pancho Hernández
|
0-0: Ball 1-0: Called Strike 1-1: Foul Ball, location: 2F 1-2: Ball 2-2: Strikes out swinging
|
Batting: RHB Jerry Scott
|
0-0: Ball 1-0: Called Strike 1-1: Ball 2-1: Ground out 6-3 (Groundball, 6S, EV 90.0 MPH)
|
Batting: LHB Quentin Batkin
|
0-0: Ball 1-0: Called Strike 1-1: Fly out, F4 (Line Drive, 4, EV 70.6 MPH)
|
Bottom of the 5th over - 0 runs, 0 hits, 0 errors, 0 left on base; Pawnee 0 - Scranton 0 |
TOP OF THE 6TH |
Pawnee ParksNRec batting - Pitching for Scranton Supernovas : RHP Albert Karlier
|
Batting: SHB Jake Pinto
|
0-0: Called Strike 0-1: Ball 1-1: Called Strike 1-2: Ball 2-2: Strikes out looking
|
Batting: RHB Ashton Bailey
|
0-0: Called Strike 0-1: Ball 1-1: Fly out, F7 (Line Drive, 7D, EV 105.6 MPH)
|
Batting: SHB Ernesto Sacasas
|
0-0: Ball 1-0: Fly out, F8 (Flyball, 8LS, EV 93.1 MPH)
|
Top of the 6th over - 0 runs, 0 hits, 0 errors, 0 left on base; Pawnee 0 - Scranton 0 |
BOTTOM OF THE 6TH |
Scranton Supernovas batting - Pitching for Pawnee ParksNRec : RHP Aki Kiridoshi
|
Batting: RHB Guillermo Alessandrini
|
0-0: Called Strike 0-1: Fly out, F8 (Flyball, 78M, EV 96.2 MPH)
|
Batting: RHB Yong-ho Jheon
|
0-0: Ball 1-0: Ground out 6-3 (Groundball, 6S, EV 87.5 MPH)
|
Batting: RHB Zhong-yan Zhang
|
0-0: Swinging Strike 0-1: Swinging Strike 0-2: Ball 1-2: SINGLE (Line Drive, 4M, EV 98.1 MPH)
|
Batting: RHB August Force
|
0-0: Ball 1-0: Fly out, F7 (Line Drive, 7D, EV 90.6 MPH)
|
Bottom of the 6th over - 0 runs, 1 hit, 0 errors, 1 left on base; Pawnee 0 - Scranton 0 |
TOP OF THE 7TH |
Pawnee ParksNRec batting - Pitching for Scranton Supernovas : RHP Albert Karlier
|
Batting: RHB Hiroshige Ohashi
|
0-0: Called Strike 0-1: Ball 1-1: Swinging Strike 1-2: Foul Ball, location: 2F 1-2: Ground out 1-3 (Groundball, 13, EV 80.0 MPH)
|
Batting: RHB Charles Atkinson
|
0-0: Ball 1-0: Ball 2-0: Ball 3-0: Called Strike 3-1: Fly out, F8 (Flyball, 8RD, EV 86.9 MPH)
|
Batting: LHB Won-shik Yi
|
0-0: Called Strike 0-1: Swinging Strike 0-2: Ball 1-2: Strikes out swinging
|
Top of the 7th over - 0 runs, 0 hits, 0 errors, 0 left on base; Pawnee 0 - Scranton 0 |
BOTTOM OF THE 7TH |
Scranton Supernovas batting - Pitching for Pawnee ParksNRec : RHP Aki Kiridoshi
|
Batting: LHB Guan-pei Bei
|
0-0: Ball 1-0: Swinging Strike 1-1: Fly out, F9 (Flyball, 9LS, EV 86.2 MPH)
|
Pitching: RHP Ronald Wolfe
|
|
Batting: RHB Phil Moore
|
0-0: Called Strike 0-1: Ground out 4-3 (Groundball, 4S, EV 82.5 MPH)
|
Batting: RHB Pancho Hernández
|
0-0: Ball 1-0: Ball 2-0: Called Strike 2-1: Ball 3-1: SINGLE (Line Drive, 56D, EV 95.6 MPH)
|
Batting: RHB Jerry Scott
|
0-0: Ball Pancho Hernández is caught stealing 2nd base 2-4
|
Bottom of the 7th over - 0 runs, 1 hit, 0 errors, 0 left on base; Pawnee 0 - Scranton 0 |
TOP OF THE 8TH |
Pawnee ParksNRec batting - Pitching for Scranton Supernovas : RHP Albert Karlier
|
Batting: RHB Josh Mawdesley
|
0-0: Called Strike 0-1: Foul Ball, location: 2F 0-2: Strikes out swinging
|
Batting: RHB Elmer Kent
|
0-0: Called Strike 0-1: Ball 1-1: Foul Ball, location: 2F 1-2: Foul Ball, location: 2F 1-2: Ball 2-2: Ball 3-2: Ground out 4-3 (Groundball, 4M, EV 106.9 MPH)
|
Batting: RHB Bartolo Álvarez
|
0-0: Called Strike 0-1: Ball 1-1: Swinging Strike 1-2: Ground out 6-3 (Groundball, 6, EV 85.0 MPH)
|
Top of the 8th over - 0 runs, 0 hits, 0 errors, 0 left on base; Pawnee 0 - Scranton 0 |
BOTTOM OF THE 8TH |
Scranton Supernovas batting - Pitching for Pawnee ParksNRec : RHP Ronald Wolfe
|
Batting: RHB Jerry Scott
|
0-0: Ball 1-0: Foul Ball, location: 2F 1-1: Foul Ball, location: 2F 1-2: Ball 2-2: Ball 3-2: SOLO HOME RUN (Flyball, 7D, EV 103.1 MPH), Distance : 388 ft
|
Batting: LHB Quentin Batkin
|
0-0: Called Strike 0-1: Ball 1-1: Ball 2-1: Called Strike 2-2: Foul Ball, location: 2F 2-2: Ground out U3 (Groundball, 3L, EV 106.2 MPH)
|
Batting: RHB Guillermo Alessandrini
|
0-0: SINGLE (Line Drive, 6D, EV 93.8 MPH)
|
Batting: RHB Yong-ho Jheon
|
0-0: Called Strike 0-1: Foul Ball, location: 2F 0-2: Foul Ball, location: 2F 0-2: Foul Ball, location: 2F 0-2: DOUBLE (Groundball, 5L, EV 100.0 MPH) Guillermo Alessandrini to third Runner from 3rd tries for Home, SAFE, no throw by LF
|
Batting: RHB Zhong-yan Zhang
|
0-0: Ball 1-0: Ball 2-0: SINGLE (Groundball, 6MD, EV 106.2 MPH) Yong-ho Jheon to third
|
Batting: RHB August Force
|
0-0: Called Strike Zhong-yan Zhang steals 2nd base 0-1: Foul Ball, location: 2F 0-2: Foul Ball, location: 2F 0-2: Ball 1-2: Strikes out swinging
|
Batting: LHB Guan-pei Bei
|
0-0: Ball 1-0: Ground out 6-3 (Groundball, 6S, EV 69.4 MPH)
|
Bottom of the 8th over - 2 runs, 4 hits, 0 errors, 2 left on base; Pawnee 0 - Scranton 2 |
TOP OF THE 9TH |
Pawnee ParksNRec batting - Pitching for Scranton Supernovas : RHP Albert Karlier
|
Pitching: RHP Roberto Morales
|
|
Now at SS: Henrique de Senna Fernandes
|
|
Batting: SHB Jake Pinto
|
0-0: Ball 1-0: Called Strike 1-1: Ball 2-1: Ball 3-1: Fly out, F2 (Popup, 2R, EV 93.1 MPH)
|
Batting: RHB Ashton Bailey
|
0-0: Ball 1-0: Swinging Strike 1-1: Called Strike 1-2: Ball 2-2: Foul Ball, location: 2F 2-2: Strikes out swinging
|
Batting: SHB Ernesto Sacasas
|
0-0: Swinging Strike 0-1: Foul Ball, location: 2F 0-2: Ball 1-2: Ball 2-2: Strikes out swinging
|
Top of the 9th over - 0 runs, 0 hits, 0 errors, 0 left on base; Pawnee 0 - Scranton 2 |
|